 Dungeon Crawl Stone Soup version 0.21.1-1-g345015f (webtiles) character file.

317 diana the Slicer (level 6, -1/41 HPs)
             Began as a Halfling Fighter on May 28, 2018.
             Was an Initiate of Ashenzari.
             Killed from afar by an orc wizard (6 damage)
             ... with a magic dart
             ... on level 4 of the Dungeon.
             The game lasted 00:07:41 (3675 turns).

diana the Slicer (Halfling Fighter)                 Turns: 3675, Time: 00:07:42

Health: -1/41      AC:  6    Str: 17    XL:     6   Next: 74%
Magic:  6/6        EV:  8    Int:  6    God:    Ashenzari [......]
Gold:   188        SH:  9    Dex: 16    Spells: 5/5 levels left

rFire    . . .     SeeInvis .   a - +0 rapier
rCold    + . .     Gourm    .   c - +0 shield (curse)
rNeg     + . .     Faith    .   b - +0 scale mail
rPois    .         Spirit   .   (no helmet)
rElec    .         Reflect  .   (no cloak)
rCorr    .         Harm     .   (no gloves)
MR       .....                  (no boots)
Stlth    ..........             (no amulet)
HPRegen  0.13/turn              g - ring of protection from cold
MPRegen  0.10/turn              h - ring of positive energy

@: very slightly contaminated, invisible
A: small, mutation resistance 1
a: Curse Item, Renounce Religion


You were on level 4 of the Dungeon.
You worshipped Ashenzari.
Ashenzari was noncommittal.
You were not hungry.

You visited 1 branch of the dungeon, and saw 4 of its levels.

You collected 188 gold pieces.

Inventory:

Hand Weapons
 a - a +0 rapier (weapon)
Armour
 b - a +0 scale mail (worn)
 c - a cursed +0 shield (worn)
Jewellery
 g - a ring of protection from cold (left hand)
 h - a ring of positive energy (right hand)
Wands
 x - a wand of flame (12)
Scrolls
 i - 2 scrolls of teleportation {unknown}
 j - 2 scrolls of amnesia {unknown}
 m - 2 scrolls of noise {unknown}
 p - 2 scrolls of remove curse
 q - 2 scrolls of enchant armour {unknown}
 s - 2 scrolls of identify {unknown}
 u - a scroll of fear {unknown}
 v - a scroll of magic mapping {unknown}
Potions
 k - 2 potions of cancellation {unknown}
 l - 3 potions of lignification {unknown}
 n - a potion of degeneration {unknown}
 o - a potion of mutation {unknown}
 r - a potion of curing {unknown}
 t - 2 potions of haste {unknown}
Comestibles
 f - 13 rations


   Skills:
 - Level 2.6 Fighting
 + Level 8.0 Short Blades
 - Level 3.2 Armour
 - Level 3.2 Shields


You had 5 spell levels left.
You didn't know any spells.

Dungeon Overview and Level Annotations

Branches:
Dungeon (4/15)
 Temple: D:4-7

Altars:
Ashenzari

Annotations:
D:2 Sigmund
D:3 Grinder; Jaiteiro's ghost, amateur TrMo


Innate Abilities, Weirdness & Mutations

You are small and have problems with some larger weapons.
You are somewhat resistant to further mutation.


Message History

The orc wizard is heavily wounded.
The orc wizard hits you but does no damage.
The orc wizard hits you with a dagger of electrocution.
You block the orc's attack.
You closely miss the orc wizard.
The orc wizard is heavily wounded.
The orc wizard points at you and mumbles some strange words.
The puff of flame hits you!
The orc wizard gestures at you while chanting.
The magic dart hits you!
* * * LOW HITPOINT WARNING * * *
You block the orc's attack.
It was a potion of invisibility.
You fade into invisibility!
The orc wizard barely misses you. You block the orc wizard's attack.
You are very lightly contaminated with residual magic.
The orc barely misses you.
The orc wizard gestures at the orc while chanting.
The magic dart hits you!
You die...

..##. #..#<............
..#..#.).).#..(##############
#.#..... ............ #..
##..#...###..........= #.#
...##...#............ #.#
#................... #.# #..#...#
##.........# #)#
######......###[.o..........###.#
................@.o..............
######.#..#####...o(......#.###.#
#.##.## #....#.#### #.# #.##..#
#....# # #.# #.###.# #....# #..
#.###.####....# ###
#.#......#....# #.#......#....#
#.#......#.#


You could see 2 orc wizards and an orc.

Vanquished Creatures
  A scorpion (D:4)
  A centaur skeleton (D:4)
  A worker ant (D:4)
  A killer bee zombie (D:3)
  3 gnolls (D:3)
  7 adders
  An ooze (D:3)
  A worm (D:2)
  4 dart slugs
  2 leopard geckos (D:1)
  A ball python (D:1)
  5 bats
  3 giant cockroaches
  20 goblins
  10 hobgoblins
  3 jackals (D:1)
  8 kobolds
  A quokka (D:2)
  7 frilled lizards
  5 rats
85 creatures vanquished.

Notes
Turn   | Place    | Note
-------+----------+-------------------------------------------
     0 | D:1      | diana the Halfling Fighter began the quest for the Orb.
     0 | D:1      | Reached XP level 1. HP: 15/15 MP: 1/1
   298 | D:1      | Reached skill level 3 in Short Blades
   300 | D:1      | Reached XP level 2. HP: 20/20 MP: 2/2
   564 | D:1      | Reached skill level 4 in Short Blades
   564 | D:1      | Reached XP level 3. HP: 25/25 MP: 3/3
  1165 | D:2      | Reached XP level 4. HP: 24/30 MP: 4/4
  1212 | D:2      | Reached skill level 5 in Short Blades
  1386 | D:2      | Noticed Sigmund
  1717 | D:2      | Found a shattered altar of Ashenzari.
  1753 | D:2      | Became a worshipper of Ashenzari the Shackled
  1983 | D:3      | Reached XP level 5. HP: 20/35 MP: 5/5
  2001 | D:3      | Reached skill level 6 in Short Blades
  2743 | D:3      | Reached XP level 6. HP: 13/41 MP: 6/6
  2764 | D:3      | Reached skill level 7 in Short Blades
  2986 | D:3      | Noticed Jaiteiro's ghost (amateur TrMo)
  3161 | D:3      | Noticed Grinder
  3385 | D:4      | Reached skill level 8 in Short Blades
  3675 | D:4      | Killed from afar by an orc wizard

Skill      XL: |  1  2  3  4  5  6 |
---------------+-------------------+-----
Short Blades   | 3 4 5 6 8 |  8.0
Fighting       | |  2.6
Armour         | |  3.2
Shields        | |  3.2

Action                   |  1- 3 |  4- 6 || total
-------------------------+-------+-------++-------
Melee: Rapier            |   115 |   225 ||   340
Invok: Curse Item        |       |     1 ||     1
  Use: Potion            |       |     2 ||     2
  Eat: Chunk             |       |     9 ||     9
Armor: Scale mail        |    53 |    70 ||   123
Dodge: Dodged            |    34 |    64 ||    98
Block: Shield            |    68 |    99 ||   167
